 Dungeon Crawl Stone Soup version 0.27.1 (webtiles) character file.

Game seed: 14587421202415325677

52 hawla the Sneak (level 3, -1/22 HPs)
             Began as a Deep Elf Delver on Aug 24, 2021.
             Frozen to death by an endoplasm (2 damage)
             ... on level 1 of the Dungeon on Aug 25, 2021.
             The game lasted 00:04:46 (1473 turns).

hawla the Sneak (Deep Elf Delver)                   Turns: 1473, Time: 00:04:46

Health: -1/22      AC:  3    Str:  9    XL:     3   Next: 60%
Magic:  5/5        EV: 12    Int: 15    God:
Gold:   27         SH:  0    Dex: 16    Spells: 2/2 levels left

rFire    + . .     SeeInvis .   a - +0 short sword
rCold    + . .     Faith    .   (no shield)
rNeg     . . .     Spirit   .   b - +0 leather armour
rPois    +         Reflect  .   (no helmet)
rElec    +         Harm     .   (no cloak)
rCorr    +         Rampage  .   (no gloves)
Will     .....                  (no boots)
Stlth    +++.......             (no amulet)
HPRegen  0.07/turn              (no ring)
MPRegen  0.09/turn              (no ring)

@: resistant, very slightly contaminated, hasted, invisible, very quick
A: no striking features
a: no special abilities


You were on level 1 of the Dungeon.
You visited 1 branch of the dungeon, and saw 5 of its levels.

You collected 27 gold pieces.

Inventory:

Hand Weapons
 a - a +0 short sword (weapon)
Missiles
 i - 18 poisoned darts (quivered)
Armour
 b - a +0 leather armour (worn)
Wands
 g - a wand of digging (3)
Scrolls
 c - a scroll of fog
 d - a scroll of magic mapping
 k - a scroll of acquirement {unknown}
 l - a scroll of teleportation {unknown}
 m - a scroll of noise {unknown}


   Skills:
 + Level 2.7 Fighting
 + Level 2.1 Short Blades
 + Level 0.6 Throwing
 + Level 2.4 Dodging
 + Level 7.1 Stealth


You had 2 spell levels left.
You didn't know any spells.
Your spell library was empty.

Dungeon Overview and Level Annotations

Branches:
Dungeon (5/15)
 Temple: D:4-7

Altars:


Message History

The endoplasm is lightly wounded.
The goblin hits you with a +0 club. The endoplasm closely misses you.
You hit the endoplasm but do no damage.
The endoplasm is lightly wounded.
The goblin misses you. The endoplasm hits you.
You hit the endoplasm but do no damage.
The endoplasm is lightly wounded.
The goblin hits you with a +0 club. The endoplasm freezes you.
You are frozen.
It was a potion of cancellation.
You feel magically purged. The goblin hits you but does no damage.
The endoplasm freezes you.
You are frozen.
* * * LOW HITPOINT WARNING * * *
It was a potion of invisibility.
You fade into invisibility!
The goblin misses you. The endoplasm hits you.
* * * LOW HITPOINT WARNING * * *
You are very lightly contaminated with residual magic.
It was a potion of resistance.
You feel protected. The goblin barely misses you. The endoplasm freezes you.
You resist.
* * * LOW HITPOINT WARNING * * *
You hit the endoplasm but do no damage.
The endoplasm is lightly wounded.
The goblin closely misses you.
The endoplasm hits you but does no damage.
You hit the endoplasm.
The endoplasm is heavily wounded.
The endoplasm freezes you. You resist.
* * * LOW HITPOINT WARNING * * *
Unknown command.
You feel yourself speed up. The endoplasm freezes you. You resist.
You die...

###### ###....#
#......#
#...8..#
##.._...#####
#....8......#
#..)........#.#
#......>.......
##.....@J...###
#......g...#
............#
............#
...##########
... ..


You could see an endoplasm and a goblin.

Vanquished Creatures
  Jessica (D:3)
  2 adders
  2 endoplasms (D:3)
  A giant cockroach (D:3)
  A jackal (D:2)
  3 ball pythons (D:3)
  A bat (D:2)
11 creatures vanquished.

Notes
Turn   | Place    | Note
-------+----------+-------------------------------------------
     0 | D:5      | hawla the Deep Elf Delver began the quest for the Orb.
     0 | D:5      | Reached XP level 1. HP: 13/13 MP: 3/3
    80 | D:3      | Noticed Jessica
    89 | D:3      | Killed Jessica
    90 | D:3      | Reached XP level 2. HP: 14/18 MP: 4/4
    96 | D:3      | Reached XP level 3. HP: 9/22 MP: 5/5
   660 | D:3      | Reached skill level 7 in Stealth
  1461 | D:1      | Found a faded altar of an unknown god.
  1472 | D:1      | HP: 1/22 [frozen (2)]
  1473 | D:1      | Frozen to death by an endoplasm

Illustrated notes

Levels and vault maps discovered:
D:1:      amcnicky_arrival_gap_in_the_tavern_cellar, layout_basic,
          dreamdust_ecumenical_altar_statues, chequers_serial_rivers_micro_a
D:2:      layout_rooms, minmay_misc_feat_secret_circle,
          minmay_misc_feat_columns, uniq_sigmund
D:3:      layout_rooms, nzn_wu_jian_contemplation, uniq_jessica
D:4:      minmay_spotlight, layout_cave_pools, serial_forest,
          infiniplex_forest_corner_2, infiniplex_forest_lined_2,
          infiniplex_forest_end_2, infiniplex_forest_lined_room_2,
          infiniplex_forest_straight_4, infiniplex_forest_clump_diagonal,
          infiniplex_forest_straight_1, gammafunk_ghost_mausoleum
D:5:      cheibrodos_thug_alley, layout_rooms, ebering_ghost_inner_flame,
          corexii_corridor_pit, hex_tiny

Skill      XL: |  1  2  3 |
---------------+----------+-----
Stealth        | 7 |  7.1
Fighting       | |  2.7
Short Blades   | |  2.1
Throwing       | |  0.6
Dodging        | |  2.4

Action                   || total
-------------------------++-------
Melee: Short sword       ||    49
Throw: Dart              ||    16
  Use: Potion            ||     5
       Scroll            ||     1
 Stab: Sleeping          ||     2
Armor: Leather armour    ||    11
Dodge: Dodged            ||    36
